TOP OF THE 1ST |
Jasper Cougars batting - Pitching for Surrey Sinners : RHP Robinson Flores
|
Pitching: RHP Robinson Flores
|
|
Batting: RHB Juan Carlos
|
0-0: SINGLE (Groundball, 34D)
|
Batting: LHB Jon Rogers
|
0-0: Ball 1-0: Ball 2-0: Ball 3-0: Base on Balls Juan Carlos to second
|
Batting: RHB Bob Cole
|
0-0: Called Strike 0-1: Ball 1-1: Swinging Strike 1-2: Foul Ball, location: 2F 1-2: Foul Ball, location: 2F 1-2: Ball 2-2: Ball Wild Pitch! Juan Carlos to third Jon Rogers to second 3-2: Foul Ball, location: 2F 3-2: Foul Ball, location: 2F 3-2: Base on Balls
|
Batting: LHB Francisco Cardenas
|
0-0: Called Strike 0-1: Ball 1-1: Ball 2-1: Swinging Strike 2-2: Ball 3-2: Foul Ball, location: 2F 3-2: Base on Balls Juan Carlos scores Jon Rogers to third Bob Cole to second
|
Batting: LHB Tony Beck
|
0-0: Ball 1-0: Ball 2-0: Ball 3-0: Base on Balls Jon Rogers scores Bob Cole to third Francisco Cardenas to second
|
Batting: RHB Ben Wilson
|
0-0: Called Strike 0-1: Ball 1-1: Ball 2-1: Ball 3-1: Called Strike 3-2: Strikes out swinging
|
Batting: RHB José Ortega
|
0-0: Reached on error, E6 (Groundball, 56) Bob Cole scores Francisco Cardenas to third Tony Beck to second
|
Batting: RHB Alberto Castillo
|
0-0: Called Strike 0-1: Ball 1-1: Ball 2-1: Ball 3-1: Swinging Strike 3-2: Strikes out swinging
|
Batting: RHB Scott McGuire
|
0-0: Ball 1-0: SINGLE (Groundball, 56D) Francisco Cardenas scores Tony Beck to third José Ortega to second Runner from 3rd tries for Home, SAFE, no throw
|
Batting: RHB Juan Carlos
|
0-0: Ball 1-0: Called Strike 1-1: Ball 2-1: Ball 3-1: Base on Balls José Ortega to third Scott McGuire to second
|
Batting: LHB Jon Rogers
|
0-0: TRIPLE (Line Drive, 89D) José Ortega scores Scott McGuire scores Juan Carlos scores
|
Pitching: RHP Edward Robinson
|
|
Batting: RHB Bob Cole
|
0-0: Foul Ball, location: 2F 0-1: Ball 1-1: Called Strike 1-2: Foul Ball, location: 2F 1-2: Ball 2-2: SINGLE (Line Drive, 56) Jon Rogers scores
|
Batting: LHB Francisco Cardenas
|
0-0: Ball 1-0: Called Strike 1-1: Swinging Strike 1-2: Ball Pickoff Throw to First - Out!
|
Top of the 1st over - 9 run(s), 4 hit(s), 1 error(s), 0 left on base; Jasper 9 - Surrey 0 |
BOTTOM OF THE 1ST |
Surrey Sinners batting - Pitching for Jasper Cougars : LHP Alfredo Maestas
|
Pitching: LHP Alfredo Maestas
|
|
Batting: LHB Juan Hinojosa
|
0-0: Ball 1-0: Foul Ball, location: 2F 1-1: Called Strike 1-2: Ball 2-2: Foul Ball, location: 2F 2-2: Foul Ball, location: 2F 2-2: Foul Ball, location: 2F 2-2: Foul Ball, location: 2F 2-2: Foul Ball, location: 2F 2-2: Strikes out swinging
|
Batting: RHB Heath O'Keerwin
|
0-0: Called Strike 0-1: Swinging Strike 0-2: Ball 1-2: Foul Ball, location: 2F 1-2: Strikes out swinging
|
Batting: RHB Marcos Liñares
|
0-0: Called Strike 0-1: Swinging Strike 0-2: Ground out 2-3 (Groundball, 15S)
|
Bottom of the 1st over - 0 run(s), 0 hit(s), 0 error(s), 0 left on base; Jasper 9 - Surrey 0 |
TOP OF THE 2ND |
Jasper Cougars batting - Pitching for Surrey Sinners : RHP Edward Robinson
|
Batting: LHB Francisco Cardenas
|
0-0: Called Strike 0-1: Called Strike 0-2: SINGLE (Flyball, 78S)
|
Batting: LHB Tony Beck
|
0-0: Foul Ball, location: 2F 0-1: Ball 1-1: Ball 2-1: Foul Ball, location: 2F 2-2: Foul Ball, location: 2F 2-2: Foul Ball, location: 2F 2-2: Foul Ball, location: 2F 2-2: Fielders Choice at 2nd, 3-6 (Groundball, 34)
|
Batting: RHB Ben Wilson
|
0-0: Grounds into double play, 3-6-4 (Groundball, 34)
|
Top of the 2nd over - 0 run(s), 1 hit(s), 0 error(s), 0 left on base; Jasper 9 - Surrey 0 |
BOTTOM OF THE 2ND |
Surrey Sinners batting - Pitching for Jasper Cougars : LHP Alfredo Maestas
|
Batting: LHB Iván Espinosa
|
0-0: Called Strike 0-1: Ball 1-1: Ball 2-1: Ground out 4-3 (Groundball, 4)
|
Batting: RHB Roberto Ybarra
|
0-0: Foul Ball, location: 2F 0-1: Fly out, F5 (Line Drive, 5S)
|
Batting: RHB John Stevens
|
0-0: Foul Ball, location: 2F 0-1: Foul Ball, location: 2F 0-2: Foul Ball, location: 2F 0-2: Foul Ball, location: 2F 0-2: Ball 1-2: Foul Ball, location: 2F 1-2: Ball 2-2: Strikes out swinging
|
Bottom of the 2nd over - 0 run(s), 0 hit(s), 0 error(s), 0 left on base; Jasper 9 - Surrey 0 |
TOP OF THE 3RD |
Jasper Cougars batting - Pitching for Surrey Sinners : RHP Edward Robinson
|
Batting: RHB José Ortega
|
0-0: Ball 1-0: SINGLE (Groundball, 34D)
|
Batting: RHB Alberto Castillo
|
0-0: Ball 1-0: Foul Ball, location: 2F 1-1: Ball 2-1: Swinging Strike 2-2: SINGLE (Groundball, 34D) José Ortega to second Runner from 2nd tries for 3rd, SAFE, no throw
|
Batting: RHB Scott McGuire
|
0-0: Ball 1-0: Foul Ball, location: 2F 1-1: Ball 2-1: DOUBLE (Line Drive, 78M) José Ortega scores Alberto Castillo to third
|
Batting: RHB Juan Carlos
|
0-0: Ball 1-0: Ball 2-0: Called Strike 2-1: Ball 3-1: Base on Balls
|
Batting: LHB Jon Rogers
|
0-0: Grounds into double play, 4-6-3 (Groundball, 4) Alberto Castillo scores Scott McGuire to third
|
Pitching: RHP Jim Rawnsley
|
|
Batting: RHB Bob Cole
|
0-0: Ball 1-0: Foul Ball, location: 2F 1-1: SINGLE (Groundball, 56D) Scott McGuire scores
|
Batting: LHB Francisco Cardenas
|
0-0: Called Strike 0-1: Swinging Strike 0-2: Ball 1-2: Strikes out swinging
|
Top of the 3rd over - 3 run(s), 4 hit(s), 0 error(s), 1 left on base; Jasper 12 - Surrey 0 |
BOTTOM OF THE 3RD |
Surrey Sinners batting - Pitching for Jasper Cougars : LHP Alfredo Maestas
|
Batting: RHB Clarence Harrison
|
0-0: Called Strike 0-1: Ball 1-1: Ball 2-1: Fly out, F6 (Popup, 56D)
|
Batting: RHB Mauro Paredes
|
0-0: Ball 1-0: Fly out, F9 (Flyball, 9S)
|
Batting: RHB Mitchell Darragh
|
0-0: Swinging Strike 0-1: Swinging Strike 0-2: Ball 1-2: Strikes out swinging
|
Bottom of the 3rd over - 0 run(s), 0 hit(s), 0 error(s), 0 left on base; Jasper 12 - Surrey 0 |
TOP OF THE 4TH |
Jasper Cougars batting - Pitching for Surrey Sinners : RHP Jim Rawnsley
|
Batting: LHB Tony Beck
|
0-0: Foul Ball, location: 2F 0-1: DOUBLE (Line Drive, 8LXD)
|
Batting: RHB Ben Wilson
|
0-0: Fly out, F2 (Popup, 15S)
|
Batting: RHB José Ortega
|
0-0: Ball 1-0: Swinging Strike 1-1: Ball 2-1: Ball 3-1: Called Strike 3-2: Foul Ball, location: 2F 3-2: Foul Ball, location: 2F 3-2: Foul Ball, location: 2F 3-2: Foul Ball, location: 2F 3-2: Foul Ball, location: 2F 3-2: Base on Balls
|
Batting: RHB Alberto Castillo
|
0-0: Called Strike 0-1: Ball 1-1: Foul Ball, location: 2F 1-2: Ball 2-2: Ball 3-2: Strikes out looking
|
Batting: RHB Scott McGuire
|
0-0: SINGLE (Line Drive, 9S) Tony Beck to third José Ortega to second
|
Batting: RHB Juan Carlos
|
0-0: Ball 1-0: Ground out 1-3 (Groundball, 13S)
|
Top of the 4th over - 0 run(s), 2 hit(s), 0 error(s), 3 left on base; Jasper 12 - Surrey 0 |
BOTTOM OF THE 4TH |
Surrey Sinners batting - Pitching for Jasper Cougars : LHP Alfredo Maestas
|
Batting: LHB Juan Hinojosa
|
0-0: Called Strike 0-1: Called Strike 0-2: Foul Ball, location: 2F 0-2: Ball 1-2: Ground out 4-3 (Groundball, 4)
|
Batting: RHB Heath O'Keerwin
|
0-0: Ball 1-0: Called Strike 1-1: Ground out 4-3 (Groundball, 4)
|
Batting: RHB Marcos Liñares
|
0-0: Ball 1-0: Swinging Strike 1-1: Swinging Strike 1-2: Ball 2-2: Ground out 1-3 (Groundball, 13)
|
Bottom of the 4th over - 0 run(s), 0 hit(s), 0 error(s), 0 left on base; Jasper 12 - Surrey 0 |
TOP OF THE 5TH |
Jasper Cougars batting - Pitching for Surrey Sinners : RHP Jim Rawnsley
|
Batting: LHB Jon Rogers
|
0-0: Ball 1-0: Ball 2-0: Called Strike 2-1: SINGLE (Groundball, 34D)
|
Batting: RHB Bob Cole
|
0-0: Called Strike 0-1: Called Strike 0-2: Ball 1-2: Ball 2-2: Fielders Choice at 2nd, 6-4 (Groundball, 6)
|
Batting: LHB Francisco Cardenas
|
0-0: Ball 1-0: Called Strike 1-1: Hit by Pitch Bob Cole to second
|
Batting: LHB Tony Beck
|
0-0: SINGLE (Line Drive, 4D) Bob Cole to third Francisco Cardenas to second Runner from 3rd tries for Home, SAFE, no throw
|
Batting: RHB Ben Wilson
|
0-0: Ball 1-0: Ground out 5-3 (Groundball, 56S) Francisco Cardenas to third Tony Beck to second
|
Batting: RHB José Ortega
|
0-0: Ball 1-0: Ball 2-0: Called Strike 2-1: SINGLE (Groundball, 6MD) Francisco Cardenas scores Tony Beck to third Runner from 3rd tries for Home, SAFE, no throw
|
Pitching: RHP Ernest Jiménez
|
|
Batting: RHB Alberto Castillo
|
0-0: Fielders Choice at 2nd, 5-4 (Groundball, 5)
|
Top of the 5th over - 3 run(s), 3 hit(s), 0 error(s), 0 left on base; Jasper 15 - Surrey 0 |
BOTTOM OF THE 5TH |
Surrey Sinners batting - Pitching for Jasper Cougars : LHP Alfredo Maestas
|
Batting: LHB Iván Espinosa
|
0-0: Called Strike 0-1: Called Strike 0-2: Ball 1-2: Fly out, F5 (Flyball, 5D)
|
Batting: RHB Roberto Ybarra
|
0-0: Foul Ball, location: 2F 0-1: Fly out, F6 (Popup, 6D)
|
Batting: RHB John Stevens
|
0-0: Fly out, F7 (Flyball, 78M)
|
Bottom of the 5th over - 0 run(s), 0 hit(s), 0 error(s), 0 left on base; Jasper 15 - Surrey 0 |
TOP OF THE 6TH |
Jasper Cougars batting - Pitching for Surrey Sinners : RHP Ernest Jiménez
|
Batting: RHB Scott McGuire
|
0-0: Called Strike 0-1: Fly out, F8 (Line Drive, 8LD)
|
Batting: RHB Juan Carlos
|
0-0: Fly out, F8 (Flyball, 8LS)
|
Batting: LHB Jon Rogers
|
0-0: Ball 1-0: Foul Ball, location: 2F 1-1: Swinging Strike 1-2: Foul Ball, location: 2F 1-2: Strikes out swinging
|
Top of the 6th over - 0 run(s), 0 hit(s), 0 error(s), 0 left on base; Jasper 15 - Surrey 0 |
BOTTOM OF THE 6TH |
Surrey Sinners batting - Pitching for Jasper Cougars : LHP Alfredo Maestas
|
Pinch Hitting: SHB Norberto Muñóz
|
0-0: Ball 1-0: Fly out, F9 (Flyball, 9LSF)
|
Batting: RHB Mauro Paredes
|
0-0: Swinging Strike 0-1: Ball 1-1: Swinging Strike 1-2: Strikes out looking
|
Batting: RHB Mitchell Darragh
|
0-0: Ball 1-0: Called Strike 1-1: Ball 2-1: Ball 3-1: Foul Ball, location: 2F 3-2: Fly out, F7 (Flyball, 78M)
|
Bottom of the 6th over - 0 run(s), 0 hit(s), 0 error(s), 0 left on base; Jasper 15 - Surrey 0 |
TOP OF THE 7TH |
Jasper Cougars batting - Pitching for Surrey Sinners : RHP Ernest Jiménez
|
Now at SS: Dennis House
|
|
Batting: RHB Bob Cole
|
0-0: Foul Ball, location: 2F 0-1: Foul Ball, location: 2F 0-2: Ball 1-2: Fly out, F9 (Line Drive, 89D)
|
Batting: LHB Francisco Cardenas
|
0-0: Swinging Strike 0-1: Ball 1-1: Ball 2-1: Ball 3-1: Base on Balls
|
Batting: LHB Tony Beck
|
0-0: Called Strike 0-1: Ball 1-1: SINGLE (Line Drive, 89S) Francisco Cardenas to second
|
Batting: RHB Ben Wilson
|
0-0: Ball 1-0: Ball 2-0: Swinging Strike 2-1: Foul Ball, location: 2F 2-2: Ball 3-2: Base on Balls Francisco Cardenas to third Tony Beck to second
|
Batting: RHB José Ortega
|
0-0: Called Strike 0-1: Fly out, F8 (Flyball, 8RM) Runner from 3rd tags up, SCORES, throw made
|
Batting: RHB Alberto Castillo
|
0-0: Fly out, F3 (Popup, 3L)
|
Top of the 7th over - 1 run(s), 1 hit(s), 0 error(s), 2 left on base; Jasper 16 - Surrey 0 |
BOTTOM OF THE 7TH |
Surrey Sinners batting - Pitching for Jasper Cougars : LHP Alfredo Maestas
|
Now in LF: Andrew Weatherly
|
|
Batting: LHB Juan Hinojosa
|
0-0: Ball 1-0: Called Strike 1-1: Ball 2-1: Ball 3-1: Foul Ball, location: 2F 3-2: Fly out, F8 (Flyball, 8RM)
|
Batting: RHB Heath O'Keerwin
|
0-0: Fly out, F4 (Line Drive, 4)
|
Batting: RHB Marcos Liñares
|
0-0: Ground out 6-3 (Groundball, 6)
|
Bottom of the 7th over - 0 run(s), 0 hit(s), 0 error(s), 0 left on base; Jasper 16 - Surrey 0 |
TOP OF THE 8TH |
Jasper Cougars batting - Pitching for Surrey Sinners : RHP Ernest Jiménez
|
Batting: RHB Scott McGuire
|
0-0: Swinging Strike 0-1: Ground out 1-3 (Groundball, 13S)
|
Batting: RHB Juan Carlos
|
0-0: Ball 1-0: SINGLE (Groundball, 4MD)
|
Pinch Hitting: LHB Darren Holland
|
0-0: Ball 1-0: Ball 2-0: Swinging Strike 2-1: Fly out, F4 (Popup, 4D)
|
Batting: RHB Bob Cole
|
0-0: Foul Ball, location: 2F 0-1: Swinging Strike 0-2: Ball 1-2: Ball Juan Carlos is caught stealing 2nd base
|
Top of the 8th over - 0 run(s), 1 hit(s), 0 error(s), 0 left on base; Jasper 16 - Surrey 0 |
BOTTOM OF THE 8TH |
Surrey Sinners batting - Pitching for Jasper Cougars : LHP Alfredo Maestas
|
Now in RF: Darren Holland
|
|
Batting: LHB Iván Espinosa
|
0-0: Ball 1-0: Ball 2-0: Called Strike 2-1: SINGLE (Groundball, 4MD)
|
Pitching: LHP Robert Williams
|
|
Batting: RHB Roberto Ybarra
|
0-0: Called Strike 0-1: Foul Ball, location: 2F 0-2: Ball 1-2: Ball 2-2: Foul Ball, location: 2F 2-2: Ball 3-2: Base on Balls Iván Espinosa to second
|
Batting: RHB John Stevens
|
0-0: Called Strike 0-1: Called Strike 0-2: Ball 1-2: Foul Ball, location: 2F 1-2: Reached on error, E5 (Groundball, 56) Iván Espinosa to third Roberto Ybarra to second
|
Batting: RHB Dennis House
|
0-0: Ball 1-0: Foul Ball, location: 2F 1-1: Ball 2-1: Ball 3-1: Base on Balls Iván Espinosa scores Roberto Ybarra to third John Stevens to second
|
Batting: RHB Mauro Paredes
|
0-0: Ball 1-0: Ball 2-0: Called Strike 2-1: Called Strike 2-2: Ball 3-2: Foul Ball, location: 2F 3-2: SINGLE (Groundball, 56D) Roberto Ybarra scores John Stevens to third Dennis House to second
|
Pinch Hitting: RHB Jorge Barrios
|
0-0: Ball 1-0: Foul Ball, location: 2F 1-1: Ball 2-1: Called Strike 2-2: Strikes out swinging
|
Batting: LHB Juan Hinojosa
|
0-0: Ball 1-0: Foul Ball, location: 2F 1-1: Ball 2-1: Ball 3-1: Foul Ball, location: 2F 3-2: Base on Balls John Stevens scores Dennis House to third Mauro Paredes to second
|
Batting: RHB Heath O'Keerwin
|
0-0: Ball 1-0: Called Strike 1-1: Ball 2-1: Fly out, F7 (Line Drive, 7) Runner from 3rd tags up, SCORES, throw made
|
Batting: RHB Marcos Liñares
|
0-0: Ground out U3 (Groundball, 34)
|
Bottom of the 8th over - 4 run(s), 2 hit(s), 1 error(s), 2 left on base; Jasper 16 - Surrey 4 |
TOP OF THE 9TH |
Jasper Cougars batting - Pitching for Surrey Sinners : RHP Ernest Jiménez
|
Now in LF: Jorge Martínez
|
|
Pinch Hitting: LHB John Stone
|
0-0: Ball 1-0: Swinging Strike 1-1: Ball 2-1: DOUBLE (Line Drive, 9)
|
Batting: LHB Francisco Cardenas
|
0-0: Foul Ball, location: 2F 0-1: SINGLE (Groundball, 34D) John Stone to third
|
Batting: LHB Tony Beck
|
0-0: Foul Ball, location: 2F 0-1: Ball 1-1: Ball 2-1: Foul Ball, location: 2F 2-2: Ball 3-2: 3-RUN HOME RUN (Flyball, 8RXD), Distance : 415 ft
|
Pitching: RHP Juan Figueroa
|
|
Batting: RHB Andrew Weatherly
|
0-0: Foul Ball, location: 2F 0-1: Ball 1-1: Swinging Strike 1-2: Ball 2-2: Foul Ball, location: 2F 2-2: Ball 3-2: Foul Ball, location: 2F 3-2: Base on Balls
|
Batting: RHB José Ortega
|
0-0: Ball 1-0: Foul Ball, location: 2F 1-1: Ball 2-1: Foul Ball, location: 2F 2-2: Hit by Pitch Andrew Weatherly to second
|
Batting: RHB Alberto Castillo
|
0-0: Foul Ball, location: 2F 0-1: Ball 1-1: Foul Ball, location: 2F 1-2: Foul Ball, location: 2F 1-2: Foul Ball, location: 2F 1-2: Strikes out swinging
|
Batting: RHB Scott McGuire
|
0-0: Called Strike 0-1: Ball 1-1: Ball 2-1: Swinging Strike 2-2: Strikes out looking
|
Batting: RHB Juan Carlos
|
0-0: Foul Ball, location: 2F 0-1: Called Strike 0-2: Ball 1-2: Ball 2-2: Strikes out swinging
|
Top of the 9th over - 3 run(s), 3 hit(s), 0 error(s), 2 left on base; Jasper 19 - Surrey 4 |
BOTTOM OF THE 9TH |
Surrey Sinners batting - Pitching for Jasper Cougars : LHP Robert Williams
|
Now at 2B: Jorge Romero
|
|
Batting: LHB Iván Espinosa
|
0-0: Ball 1-0: Called Strike 1-1: Ball 2-1: Swinging Strike 2-2: Strikes out swinging
|
Batting: RHB Roberto Ybarra
|
0-0: Ball 1-0: SINGLE (Groundball, 34D)
|
Batting: RHB John Stevens
|
0-0: Swinging Strike 0-1: Ball 1-1: Called Strike Balk! Roberto Ybarra to second 1-2: Strikes out swinging
|
Batting: RHB Dennis House
|
0-0: Fly out, F9 (Flyball, 89S)
|
Bottom of the 9th over - 0 run(s), 1 hit(s), 0 error(s), 1 left on base; Jasper 19 - Surrey 4 |
|